 Dungeon Crawl Stone Soup version 0.24.0-29-g8ce449bc06 (webtiles) character file.

Game seed: 2459415445974254797, levelgen mode: deterministic

245546 Flugslaktarn the Executioner (level 18, -4/168 HPs)
             Began as a Minotaur Fighter on Nov 15, 2019.
             Was the Champion of Makhleb.
             Killed from afar by a frost giant (14 damage)
             ... with a bolt of cold
             ... on level 4 of the Vaults.
             The game lasted 00:19:49 (27391 turns).

Flugslaktarn the Executioner (Minotaur Fighter)    Turns: 27391, Time: 00:19:50

Health: -4/168     AC: 31    Str: 32    XL:     18   Next: 76%
Magic:  0/27       EV:  9    Int:  5    God:    Makhleb [******]
Gold:   1255       SH:  0    Dex: 12    Spells: 17/17 levels left

rFire    + . .     SeeInvis +   U - +1 broad axe (elec)
rCold    + . .     Gourm    .   F - +0 large shield
rNeg     . . .     Faith    .   u - +1 plate armour
rPois    .         Spirit   +   (helmet restricted)
rElec    .         Reflect  .   M - +2 cloak {+Inv}
rCorr    .         Harm     .   p - +0 pair of gloves
MR       +....                  N - +2 pair of boots
Stlth    ..........             g - amulet of guardian spirit
HPRegen  0.38/turn              v - +4 ring of protection
MPRegen  0.20/turn              V - ring "Ydatuve" {rF+ rC+ SInv}

@: confused, mighty, about to teleport, marked, hasted, glowing, very quick
A: retaliatory headbutt, horns 2
}: 2/15 runes: serpentine, barnacled
a: Minor Destruction, Lesser Servant of Makhleb, Major Destruction, Greater
Servant of Makhleb, Renounce Religion, Evoke Invisibility


You were on level 4 of the Vaults.
You worshipped Makhleb.
Makhleb was exalted by your worship.
You were very hungry.

You visited 5 branches of the dungeon, and saw 32 of its levels.
You also visited: Bailey and Gauntlet.

You collected 2701 gold pieces.
You spent 1446 gold pieces at shops.

Inventory:

Hand Weapons
 Q - a +9 vampiric war axe
   (You took it off a naga on level 2 of the Snake Pit)
 S - the +1 hand axe "Lidal" {pain, Str+5}
   (You found it on level 9 of the Dungeon)

   In the hands of one skilled in necromantic magic, it inflicts extra damage on
   living creatures.
   It affects your strength (+5).
 U - a +1 broad axe of electrocution (weapon)
   (You took it off a naga warrior on level 4 of the Snake Pit)
Missiles
 B - 6 throwing nets (quivered)
Armour
 c - a +0 shield
 p - a +0 pair of gloves (worn)
   (You found it on level 11 of the Dungeon)
 u - a +1 plate armour (worn)
   (You found it on level 2 of the Dungeon)
 F - a +0 large shield (worn)
   (You found it on level 3 of the Lair of Beasts)
 M - a +2 cloak of invisibility (worn)
   (You bought it in a shop on level 9 of the Dungeon)
 N - a +2 pair of boots (worn)
   (You found it on level 8 of the Dungeon)
Jewellery
 f - an uncursed ring of protection from fire
   (You found it on level 3 of the Dungeon)
 g - an amulet of guardian spirit (around neck)
   (You found it on level 1 of the Dungeon)
 l - a +2 ring of protection
   (You found it on level 1 of the Dungeon)
 m - an uncursed ring of protection from magic
   (You found it on level 1 of the Dungeon)
 n - an uncursed ring of positive energy
   (You found it on level 2 of the Dungeon)
 o - an uncursed ring of poison resistance
   (You found it on level 11 of the Dungeon)
 v - a +4 ring of protection (left hand)
   (You found it on level 1 of the Dungeon)
 L - an uncursed ring of resist corrosion
   (You found it on level 5 of the Lair of Beasts)
 V - the ring "Ydatuve" (right hand) {rF+ rC+ SInv}
   (You bought it in a shop on level 13 of the Dungeon)

   [ring of see invisible]

   It protects you from fire.
   It protects you from cold.
   It lets you see invisible.
 X - an uncursed amulet of the acrobat
   (You found it on level 2 of the Dungeon)
Wands
 b - a wand of iceblast (8)
   (You took it off an orc on level 4 of the Dungeon)
 z - a wand of paralysis (9)
   (You found it on level 12 of the Dungeon)
 R - a wand of acid (17)
   (You found it on level 8 of the Dungeon)
Scrolls
 a - a scroll of magic mapping
 j - 8 scrolls of fog
 k - a scroll of vulnerability
 r - 11 scrolls of identify
 t - a scroll of teleportation
 A - 15 scrolls of remove curse
 E - 2 scrolls of immolation
 H - 13 scrolls of enchant armour
 I - 6 scrolls of fear
 K - 2 scrolls of enchant weapon
 P - 2 scrolls of brand weapon
Potions
 h - a potion of haste
 i - 7 potions of flight
 q - 2 potions of curing
 s - 7 potions of ambrosia
 x - a potion of brilliance
 y - 4 potions of invisibility
 C - 4 potions of mutation
 D - 5 potions of lignification
 G - a potion of berserk rage
 O - 2 potions of magic
 T - a potion of cancellation
Comestibles
 e - 30 rations


   Skills:
 + Level 16.5 Fighting
 * Level 21.8 Axes
 + Level 16.6 Armour
 - Level 5.0 Dodging
 + Level 15.7 Shields
 + Level 13.9 Invocations
 - Level 5.0 Evocations


You had 17 spell levels left.
You didn't know any spells.
Your spell library was empty.

Dungeon Overview and Level Annotations

Branches:
Dungeon (13/15)            Temple (0/1) D:6            Lair (6/6) D:11
 Shoals (4/4) Lair:4        Snake (4/4) Lair:3        Slime (0/5) Lair:6
    Orc (0/2) D:10         Vaults (5/5) D:13          Crypt (0/3) Vaults:3
 Bailey (visited)         Gauntlet (visited)

Altars:
Dithmenos
Elyvilon
Fedhas
Kikubaaqudgha
Makhleb
Nemelex Xobeh
Okawaru
Trog
Wu Jian
Xom
Zin
Jiyva

Shops:
D:4 (   D:9 [   D:10 (   D:13 =(   Shoals:4 *   Vaults:3 (

Annotations:
D:5 3 runed translucent doors, grouchysmurf's ghost, novice HOFi
D:9 2 transporters, Tixazyof's ghost, novice GnAr
Lair:2 exclusion: 2 oklob plants
Lair:6 1 runed translucent door, Flugslaktarn's ghost, journeyman MiFi
Vaults:4 Mennas


Innate Abilities, Weirdness & Mutations

You reflexively headbutt those who attack you in melee.
You have a pair of horns on your head.


Message History

You feel better.
Mennas hits you with a +1 eudemon blade of holy wrath!
* * * LOW HITPOINT WARNING * * *
You block Mennas's attack.
As you read the scroll of teleportation, it crumbles to dust.
You feel strangely unstable.
Mennas shakes his head sadly.
Mennas hits you with a +1 eudemon blade of holy wrath!
* * * LOW HITPOINT WARNING * * *
Mennas hits you but does no damage.
Unknown command.
Mennas gestures frantically.
You are confused.
Unknown command.
Mennas hits you but does no damage. x2
Unknown command.
Mennas hits you but does no damage. x2
The frost giant gestures at you while chanting.
The bolt of cold hits you! You resist.
You die...

.....##...
#..(#.....)))e....'
.#.#.##...
#(..e...e..##e....#
.....##... #.Cp####..##
.....
.#.#.###..#####.[###.#.##
'#.. .....# #....e.X##
#.### # . .#.#.#
##.....## #.# .....#
##c)X## #.# .#.#.#
####p######.. .....#
#..[)C.@.# .. ######
#.....A..# #####
#........# .?..#
#........# ....#
#........# ....#
#........# ....#
########## ....# ....#


You could see Mennas, a frost giant and a vault guard.

Vanquished Creatures
  Bai Suzhen (Vaults:3)
  Polyphemus (Shoals:4)
  A storm dragon (Vaults:4)
  2 shadow dragons (Vaults:4)
  A fire giant (Vaults:4)
  11 nagarajas
  4 vault wardens
  A ghoul (Vaults:4)
  5 stone giants
  A very ugly thing (Vaults:4)
  An entropy weaver (Vaults:4)
  13 ironheart preservers
  2 deep elf demonologists (Vaults:4)
  2 deep elf annihilators (Vaults:4)
  An ettin (Vaults:4)
  2 deep elf death magi (Vaults:4)
  3 merfolk impalers (Shoals:4)
  2 fire dragons
  2 merfolk javelineers (Shoals:4)
  Josephine (D:10)
  A yaktaur captain (Vaults:4)
  6 ogre magi
  29 vault guards
  An ice dragon (Vaults:3)
  A catoblepas (Shoals:4)
  2 hydras
  3 death knights
  17 naga warriors
  12 two-headed ogres
  5 merfolk aquamancers (Shoals:4)
  3 anacondas (Snake:4)
  4 centaur warriors (Vaults:2)
  A dancing weapon (Vaults:4)
  A deep troll earth mage (Vaults:3)
  An alligator snapping turtle (Shoals:4)
  7 death yaks
  5 shock serpents
  8 naga sharpshooters
  4 deep elf knights
  A small abomination (Vaults:4)
  A shadow wraith (Vaults:3)
  2 unseen horrors
  A salamander mystic (Snake:4)
  5 skeletal warriors
  9 deep trolls
  16 sea snakes
  A flayed ghost (Vaults:4)
  5 naga ritualists
  A deep elf archer (Vaults:4)
  2 ironbrand convokers (Vaults:4)
  2 lindwurms (Lair:6)
  A necromancer (Vaults:2)
  3 orc knights
  A mana viper (shapeshifter) (Vaults:4)
  4 cyclopes
  An orc sorcerer (Vaults:3)
  7 mana vipers
  16 deep elf magi
  3 wolf spiders
  11 manticores
  3 salamanders
  8 elephants
  6 guardian serpents
  5 merfolk sirens
  An eye of devastation (shapeshifter) (Vaults:3)
  7 naga magi
  6 water nymphs (Shoals:4)
  34 black mambas
  5 torpor snails (Lair:6)
  7 vault sentinels
  2 gargoyles (D:13)
  Joseph (D:10)
  12 spiny frogs
  5 komodo dragons
  2 human zombies (Vaults:2)
  7 freezing wraiths
  3 rime drakes
  8 yaktaurs
  A wind drake (shapeshifter) (Vaults:2)
  20 merfolk
  A polar bear (shapeshifter) (Vaults:3)
  5 wind drakes
  2 polar bears (Lair:6)
  A troll (D:13)
  3 blink frogs (Lair:4)
  3 tyrant leeches (Lair:6)
  10 hornets
  Prince Ribbit (D:5)
  3 dream sheep (Shoals:4)
  3 hippogriffs
  6 snapping turtles
  A blink frog (shapeshifter) (Vaults:3)
  A shadow (D:12)
  4 water elementals (Shoals:4)
  3 redbacks (Lair:6)
  7 wraiths
  A tarantella (Vaults:4)
  11 wyverns
  24 yaks
  A basilisk (Lair:4)
  A hungry ghost (D:10)
  A steam dragon (D:10)
  Grum (D:11)
  Edmund (D:5)
  42 nagas
  A warg (Vaults:3)
  2 acid dragons (Vaults:2)
  A soldier ant (D:11)
  7 porcupines
  17 water moccasins
  8 orc warriors
  2 black bears
  A sky beast (D:10)
  2 ice beasts
  A hornet zombie (D:13)
  2 phantoms (D:10)
  An eye of draining (shapeshifter) (Vaults:3)
  18 ogres
  9 crocodiles
  8 wolves
  11 centaurs
  4 big kobolds
  10 bullfrogs
  A human skeleton (Vaults:2)
  A water moccasin skeleton (D:8)
  4 scorpions
  12 wights
  8 killer bees
  A howler monkey (D:9)
  A crimson imp (D:6)
  A bullfrog zombie (D:13)
  A human simulacrum (Vaults:2)
  2 centaur zombies (D:9)
  6 hounds
  5 jellies
  9 orc priests
  4 bullfrog skeletons
  12 orc wizards
  Ijyb (D:5)
  2 centaur skeletons
  Natasha (thrice) (D:3)
  4 iguanas
  7 worker ants
  3 yak simulacra (D:11)
  3 polar bear simulacra (D:11)
  4 wolf simulacra (D:11)
  A hound skeleton (D:11)
  2 worker ant zombies
  A howler monkey zombie (D:10)
  6 adders
  A howler monkey skeleton (D:8)
  2 river rats (D:11)
  4 shadow imps
  6 oozes
  3 adder skeletons
  An adder zombie (D:6)
  2 worms
  3 dart slugs
  6 leopard geckos
  56 orcs
  A ball python (D:3)
  12 giant cockroaches
  9 goblins
  6 hobgoblins
  9 jackals
  27 kobolds
  7 quokkas
  7 bats
  5 frilled lizards
  A leopard gecko skeleton (D:4)
  A quokka zombie (D:7)
  7 rats
  A river rat simulacrum (D:11)
  2 crawling corpses (Vaults:4)
  5 fungi
  6 plants
941 creatures vanquished.

Vanquished Creatures (collateral kills)
  A naga warrior (Snake:2)
  A merfolk aquamancer (Shoals:4)
  A torpor snail (Lair:6)
  A snapping turtle (Shoals:4)
  A water elemental (Shoals:4)
5 creatures vanquished.

Vanquished Creatures (others)
  A vault guard (Vaults:5)
  A necromancer (D:11)
  A black mamba (Snake:4)
  An orc warrior (Vaults:4)
  13 fungi
  31 plants
48 creatures vanquished.

Grand Total: 994 creatures vanquished

Notes
Turn   | Place    | Note
-------+----------+-------------------------------------------
     0 | D:1      | Flugslaktarn the Minotaur Fighter began the quest for the
                  | Orb.
     0 | D:1      | Reached XP level 1. HP: 19/19 MP: 0/0
    84 | D:1      | Reached XP level 2. HP: 23/27 MP: 1/1
   216 | D:1      | Reached skill level 3 in Axes
   327 | D:1      | Reached skill level 1 in Dodging
   482 | D:1      | Reached XP level 3. HP: 33/33 MP: 2/2
  1056 | D:2      | Found a burning altar of Makhleb.
  1056 | D:2      | Found an ancient bone altar of Kikubaaqudgha.
  1150 | D:2      | Became a worshipper of Makhleb the Destroyer
  1272 | D:2      | Reached XP level 4. HP: 39/40 MP: 3/3
  1898 | D:3      | Reached skill level 4 in Axes
  2052 | D:3      | Noticed Natasha
  2063 | D:3      | Killed Natasha
  2063 | D:3      | Reached skill level 1 in Invocations
  2203 | D:3      | Reached XP level 5. HP: 36/47 MP: 2/4
  2288 | D:3      | Noticed Natasha
  2298 | D:3      | Killed Natasha
  2313 | D:3      | Noticed Natasha
  2321 | D:3      | Killed Natasha
  2599 | D:3      | Reached XP level 6. HP: 53/53 MP: 6/6
  2600 | D:3      | Reached * piety under Makhleb
  2605 | D:3      | Reached skill level 5 in Axes
  2954 | D:4      | Reached skill level 5 in Fighting
  2954 | D:4      | Reached skill level 5 in Armour
  3019 | D:4      | Found an ornate altar of the Wu Jian Council.
  3031 | D:4      | Found Jisa's Antique Weapon Boutique.
  3050 | D:4      | Bought a glowing hand axe for 120 gold pieces
  3129 | D:4      | Noticed an angel
  3130 | D:4      | Found a glowing silver altar of Zin.
  3161 | D:4      | Found a blossoming altar of Fedhas.
  3223 | D:4      | Reached XP level 7. HP: 33/61 MP: 2/7
  3502 | D:4      | Reached skill level 6 in Axes
  3504 | D:4      | You fall into a shaft and drop 2 floors!
  3785 | D:6      | Found a staircase to the Ecumenical Temple.
  3809 | D:6      | Found a shimmering altar of Xom.
  4009 | D:5      | Entered Level 5 of the Dungeon
  4034 | D:5      | Noticed Ijyb
  4076 | D:5      | Killed Ijyb
  4121 | D:5      | Reached XP level 8. HP: 64/70 MP: 7/9
  4160 | D:5      | Reached skill level 7 in Axes
  4275 | D:5      | Noticed Prince Ribbit
  4283 | D:5      | Killed Prince Ribbit
  4290 | D:5      | Reached ** piety under Makhleb
  4429 | D:5      | Found a runed translucent gate.
  4429 | D:5      | Found a runed translucent gate.
  4431 | D:5      | Found a runed translucent gate.
  4441 | D:5      | Noticed grouchysmurf's ghost (novice HOFi)
  4451 | D:5      | Noticed Edmund
  4465 | D:5      | Killed Edmund
  4812 | D:5      | Found a sparkling altar of Nemelex Xobeh.
  5440 | D:6      | Reached skill level 8 in Axes
  5940 | D:7      | Reached skill level 5 in Dodging
  6399 | D:7      | Found an iron altar of Okawaru.
  6484 | D:7      | Reached XP level 9. HP: 74/78 MP: 9/11
  7097 | D:8      | Paralysed by a hornet for 2 turns
  7105 | D:8      | Reached skill level 9 in Axes
  7852 | D:9      | Found Dyzahaid's Armour Emporium.
  7859 | D:9      | Bought a +2 cloak of invisibility for 279 gold pieces
  7899 | D:9      | Got a warped hand axe
  7920 | D:9      | Identified the +1 hand axe "Lidal" {pain, Str+5} (You found
                  | it on level 9 of the Dungeon)
  7949 | D:9      | Found a transporter.
  7959 | D:9      | Noticed a moth of wrath
  7960 | D:9      | Noticed Tixazyof's ghost (novice GnAr)
  7972 | D:9      | Reached *** piety under Makhleb
  7972 | D:9      | Reached skill level 5 in Invocations
  8011 | D:9      | Reached skill level 1 in Evocations
  8016 | D:9      | Noticed a two-headed ogre
  8029 | D:9      | Killed a two-headed ogre
  8029 | D:9      | Reached skill level 10 in Axes
  8029 | D:9      | Reached skill level 5 in Shields
  8042 | D:9      | Reached XP level 10. HP: 88/88 MP: 9/13
  8434 | D:9      | Found a transporter.
  8555 | D:9      | Found a viscous altar of Jiyva.
  8822 | D:10     | Entered Level 10 of the Dungeon
  8822 | D:10     | Noticed Joseph
  8839 | D:10     | Killed Joseph
  9057 | D:10     | Found a staircase to the Orcish Mines.
  9063 | D:10     | Reached **** piety under Makhleb
  9363 | D:10     | Reached skill level 11 in Axes
  9376 | D:10     | Noticed Josephine
  9387 | D:10     | Killed Josephine
  9440 | D:10     | Found Lyteuleul's Antique Weapon Shoppe.
  9851 | D:11     | Noticed a necromancer
  9859 | D:11     | Killed a necromancer
  9893 | D:11     | Reached XP level 11. HP: 95/95 MP: 14/14
  9962 | D:11     | Noticed a death yak
  9967 | D:11     | Noticed a death yak
  9970 | D:11     | Noticed a death yak
  9984 | D:11     | Killed a death yak
 10010 | D:11     | Killed a death yak
 10028 | D:11     | Killed a death yak
 10034 | D:11     | Reached ***** piety under Makhleb
 10038 | D:11     | Reached skill level 12 in Axes
 10072 | D:11     | Found a flagged portal.
 10074 | D:11     | Found a staircase to the Lair.
 10304 | Bailey   | Entered a bailey
 10312 | Bailey   | Noticed a deep elf mage
 10318 | Bailey   | Killed a deep elf mage
 10326 | Bailey   | Noticed a deep elf mage
 10327 | Bailey   | Noticed a deep elf mage
 10327 | Bailey   | Noticed a deep elf mage
 10327 | Bailey   | Noticed a deep elf mage
 10327 | Bailey   | Noticed a deep elf mage
 10331 | Bailey   | Killed a deep elf mage
 10337 | Bailey   | Killed a deep elf mage
 10342 | Bailey   | Killed a deep elf mage
 10344 | Bailey   | Killed a deep elf mage
 10345 | Bailey   | Noticed a deep elf mage
 10350 | Bailey   | Killed a deep elf mage
 10364 | Bailey   | Killed a deep elf mage
 10541 | Bailey   | Noticed a deep elf knight
 10562 | Bailey   | Killed a deep elf knight
 10770 | D:11     | Found a white marble altar of Elyvilon.
 10831 | D:11     | Noticed Grum
 10837 | D:11     | Killed Grum
 11024 | D:11     | Reached skill level 10 in Armour
 11282 | Lair:1   | Entered Level 1 of the Lair of Beasts
 11296 | Lair:1   | Reached skill level 5 in Evocations
 11393 | Lair:1   | Reached XP level 12. HP: 106/106 MP: 14/16
 11449 | Lair:1   | Reached skill level 10 in Fighting
 11504 | Lair:1   | Reached skill level 13 in Axes
 12827 | Lair:3   | Found a staircase to the Snake Pit.
 13291 | Lair:4   | Found a staircase to the Shoals.
 13706 | Lair:4   | Reached skill level 14 in Axes
 14208 | Lair:5   | Noticed an eight-headed hydra
 14222 | Lair:5   | Killed a two-headed hydra
 14908 | Lair:6   | Entered Level 6 of the Lair of Beasts
 15102 | Lair:6   | Reached XP level 13. HP: 95/116 MP: 11/18
 15208 | Lair:6   | Found a runed translucent door.
 15228 | Lair:6   | Noticed a fire dragon
 15364 | Lair:6   | Reached skill level 10 in Shields
 15367 | Lair:6   | Reached ****** piety under Makhleb
 15442 | Lair:6   | Reached skill level 15 in Axes
 16307 | Lair:6   | Found a runed translucent door.
 16321 | Lair:6   | Noticed Flugslaktarn's ghost (journeyman MiFi)
 16345 | Lair:6   | Found a viscous altar of Jiyva.
 16346 | Lair:6   | Found a staircase to the Slime Pits.
 16699 | Lair:6   | Killed a fire dragon
 16846 | Snake:1  | Entered Level 1 of the Snake Pit
 16864 | Snake:1  | Reached XP level 14. HP: 99/126 MP: 6/20
 17049 | Snake:2  | Reached skill level 16 in Axes
 17188 | Snake:2  | Noticed a nagaraja
 17335 | Snake:2  | Killed a nagaraja
 17335 | Snake:2  | Reached skill level 10 in Invocations
 17356 | Snake:2  | Noticed a nagaraja
 17359 | Snake:2  | Noticed a nagaraja
 17785 | Snake:2  | Noticed a nagaraja
 18666 | Snake:2  | Killed a nagaraja
 18686 | Snake:2  | Killed a nagaraja
 18973 | Snake:2  | Killed a nagaraja
 19284 | Snake:4  | Entered Level 4 of the Snake Pit
 19309 | Snake:4  | Reached skill level 17 in Axes
 20071 | Snake:4  | Noticed a nagaraja
 20085 | Snake:4  | Reached XP level 15. HP: 93/135 MP: 15/22
 20095 | Snake:4  | Killed a nagaraja
 20269 | Snake:4  | Noticed a nagaraja
 20300 | Snake:4  | Killed a nagaraja
 20439 | Snake:4  | Noticed a nagaraja
 20442 | Snake:4  | Noticed a nagaraja
 20445 | Snake:4  | Noticed a nagaraja
 20451 | Snake:4  | Noticed a nagaraja
 20453 | Snake:4  | Reached skill level 18 in Axes
 20454 | Snake:4  | Killed a nagaraja
 20464 | Snake:4  | Killed a nagaraja
 20733 | Snake:4  | Killed a nagaraja
 21086 | Snake:4  | Killed a nagaraja
 21126 | Snake:4  | Got a serpentine rune of Zot
 21187 | Snake:4  | Noticed a nagaraja
 21201 | Snake:4  | Killed a nagaraja
 21402 | Snake:1  | Reached XP level 16. HP: 146/146 MP: 23/23
 21435 | Shoals:1 | Entered Level 1 of the Shoals
 21495 | Shoals:1 | Found a frozen archway.
 21832 | Shoals:4 | Entered Level 4 of the Shoals
 21837 | Shoals:4 | Found Alidiogg's Assorted Antiques.
 21851 | Shoals:4 | Bought a scroll of fear for 105 gold pieces
 21851 | Shoals:4 | Bought a scroll of magic mapping for 105 gold pieces
 21851 | Shoals:4 | Bought a scroll of enchant armour for 225 gold pieces
 21970 | Shoals:4 | Found a shadowy altar of Dithmenos.
 22005 | Shoals:4 | Noticed Polyphemus
 22024 | Shoals:4 | Reached skill level 19 in Axes
 22036 | Shoals:4 | Killed Polyphemus
 22241 | Shoals:4 | Found a bloodstained altar of Trog.
 22324 | Shoals:4 | Got a faintly glowing plate armour
 22335 | Shoals:4 | Identified the +3 plate armour of Ucievoho {*Corrode rC-
                  | Str+6 Stlth+} (You found it on level 4 of the Shoals)
 22819 | Shoals:4 | Found the +8 lance "Wyrmbane" {slay drac, rPois rF+ rC+
                  | AC+3}
 23364 | Shoals:4 | Got a barnacled rune of Zot
 23573 | D:12     | Found a blossoming altar of Fedhas.
 23699 | D:13     | Found a gate leading to a gauntlet.
 23721 | Gauntlet | Entered a Gauntlet
 23721 | Gauntlet | Found a transporter.
 23721 | Gauntlet | Found a transporter.
 23725 | Gauntlet | Found a transporter.
 23725 | Gauntlet | Found a transporter.
 23736 | Gauntlet | Found a transporter.
 23743 | Gauntlet | Found a transporter.
 23751 | Gauntlet | Found a transporter.
 23753 | Gauntlet | Found a transporter.
 23753 | Gauntlet | Found a transporter.
 23757 | Gauntlet | Found a transporter.
 23799 | Gauntlet | Found a transporter.
 23836 | Gauntlet | Found a transporter.
 23838 | Gauntlet | Found a large runed translucent door.
 23838 | Gauntlet | Found a large runed translucent door.
 23839 | Gauntlet | Found a large runed translucent door.
 23839 | Gauntlet | Found a large runed translucent door.
 23840 | Gauntlet | Found a runed translucent door.
 23840 | Gauntlet | Found a large runed translucent door.
 23840 | Gauntlet | Found a large runed translucent door.
 23840 | Gauntlet | Found a runed translucent door.
 23840 | Gauntlet | Found a large runed translucent door.
 23840 | Gauntlet | Found a large runed translucent door.
 23841 | Gauntlet | Found a large runed translucent door.
 23841 | Gauntlet | Found a large runed translucent door.
 23844 | Gauntlet | Found a large runed translucent door.
 23844 | Gauntlet | Found a large runed translucent door.
 23846 | Gauntlet | Found a large runed translucent door.
 23846 | Gauntlet | Found a large runed translucent door.
 23846 | Gauntlet | Found a large runed translucent door.
 23848 | Gauntlet | Found a runed translucent gate.
 23848 | Gauntlet | Found a runed translucent gate.
 23848 | Gauntlet | Found a runed translucent gate.
 23850 | Gauntlet | Found a transporter.
 23861 | Gauntlet | Found a large runed translucent door.
 23863 | Gauntlet | Found a transporter.
 23954 | Gauntlet | Found a transporter.
 23968 | Gauntlet | Found a transporter.
 24136 | D:13     | Found Iskuoven's Antique Weapon Shop.
 24337 | D:13     | Found Biq Pidu's Jewellery Shoppe.
 24345 | D:13     | Bought the ring "Ydatuve" {rF+ rC+ SInv} for 612 gold
                  | pieces
 24363 | D:13     | Found a gate to the Vaults.
 24439 | D:13     | Reached skill level 15 in Armour
 24453 | D:13     | Reached skill level 15 in Fighting
 24462 | Vaults:1 | Entered Level 1 of the Vaults
 24615 | Vaults:2 | Reached XP level 17. HP: 144/156 MP: 15/25
 24749 | Vaults:2 | Reached skill level 20 in Axes
 25360 | Vaults:3 | Found a staircase to the Crypt.
 25691 | Vaults:3 | Noticed Bai Suzhen
 25722 | Vaults:3 | Killed Bai Suzhen
 25768 | Vaults:3 | Found Ilyleax's Antique Weapon Emporium.
 26271 | Vaults:4 | Reached skill level 15 in Shields
 26287 | Vaults:4 | Noticed Mennas
 26364 | Vaults:4 | Reached skill level 21 in Axes
 26364 | Vaults:4 | Reached XP level 18. HP: 127/166 MP: 17/27
 26384 | Vaults:4 | Paralysed by an ogre mage for 4 turns
 27049 | Vaults:5 | Entered Level 5 of the Vaults
 27068 | Vaults:5 | Noticed a Tzitzimitl
 27391 | Vaults:4 | Killed from afar by a frost giant

Levels and vault maps discovered:
D:1:      psy_arrival_basics, layout_loops_ring
D:2:      minmay_roachtagon, layout_basic, gammafunk_temple_overflow_statue,
          first_ration, minmay_split_cup_large
D:3:      layout_basic, uniq_natasha
D:4:      layout_loops_ring, zin_angel, kennysheep_mini_moat, marbit_many_paths,
          serial_shops, shop, st_stairs_14
D:5:      layout_rooms, nemelex_xobeh_ov_fountains_minmay,
          gammafunk_ghost_necromancy, nicolae_ossuary_entry_plus,
          uniq_prince_ribbit1, uniq_ijyb, uniq_edmund
D:6:      layout_cave_pods, minmay_temple_entry_tees, basic_altar
D:7:      layout_cave_pools, old_standard_altar
D:8:      kennysheep_spiral_hall, layout_gridville
D:9:      layout_long_grid, serial_shops, shop,
          gammafunk_ghost_berserking_beasts, hangedman_little_slice_of_home
D:10:     minmay_general_purpose_star, layout_rooms, david_orc_2, serial_shops,
          shop_fountains, minmay_crystal_room, kennysheep_generic_room_13,
          uniq_josephine, uniq_joseph
D:11:     layout_loops_ring, dpeg_lair_monsters, enter_bailey_2, basic_altar,
          chequers_serial_rivers_small_3, eino_house_with_fridge, uniq_grum
D:12:     layout_small_grid, basic_altar, uniq_gastronok, uniq_nergalle
D:13:     minmay_razor_zed, layout_irregular_city, erik_vaults_2, serial_shops,
          statue_bzr, nicolae_shop_overgrown_old_shop, shop,
          gauntlet_entry_generic, serial_bayou_crossing
Lair:1:   layout_regular_city
Lair:2:   layout_loops_ring, minmay_lair_oklob_chamber
Lair:3:   layout_hall_layers, guppyfry_snake_entry_island
Lair:4:   layout_misc_corridors, elwin_shoals_entry_rocks
Lair:5:   layout_gridlike
Lair:6:   wormcave, layout_regular_city, hangedman_lair_tendril_chambers,
          dpeg_slime_entry_enclosed_altar, ebering_ghost_inner_flame
Shoals:1: layout_shoals, portal_ice_cave_entry_pillars_1, overgrown_tower
Shoals:2: layout_shoals
Shoals:3: layout_shoals, ebering_ghost_gozag
Shoals:4: shoals_end_simple, layout_shoals, serial_shops, nicolae_shop_trees,
          hangedman_feature_mirror, uniq_polyphemus
Snake:1:  layout_rooms
Snake:2:  nicolae_cobra_stairs, layout_grid_shapes, nicolae_snake_double_loop,
          grunt_ministairs_7, uniq_saint_roka
Snake:3:  layout_basic
Snake:4:  grunt_snake_rune_pools, layout_cave_town, abandoned_shop
Vaults:1: vaults_room_pools, ontoclasm_vaults_twist, vaults_room_pool,
          vaults_dpeg_ring, v_alt_pattern_5, v_misc_26, vaults_room_large_hall,
          nicolae_vaults_windows_and_doors_thing, v_alt_pattern_2,
          ontoclasm_vaults_gallery, nicolae_vaults_back_hallway,
          nicolae_vaults_specimen_jars, layout_vaults_omnicross, serial_shops,
          nicolae_shop_trees
Vaults:2: vaults_room_ringed_pool, grunt_vaults_diagonal, v_pattern_1,
          vaults_dpeg_encased_lava, vaults_dpeg_diagonal, vaults_room_grid,
          vaults_room_door_ring, hangedman_vaults_maws,
          nicolae_vaults_stairing_the_circle, hangedman_vaults_trim,
          vaults_dpeg_cross, hangedman_vaults_restitches, v_misc_30,
          layout_vaults_ring, serial_shops, shop_fountains,
          portal_desolation_entry_garden
Vaults:3: grunt_vaults_twisty, blue_anna_dwarven_crypt,
          vaults_room_stairs_pillars, vaults_room_guarded_vault,
          ontoclasm_vaults_decontamination, hangedman_vaults_stretched_pinwheel,
          layout_vaults_omnigrid, serial_shops, shop, nicolae_shop_behind_doors,
          nicolae_shop_overgrown_old_shop, uniq_bai_suzhen
Vaults:4: nicolae_vaults_arrows, v_misc_15, v_misc_25, vaults_mumra_hex,
          v_alt_pattern_1, hangedman_vaults_slice, ontoclasm_vaults_ring_large,
          nicolae_vaults_display_case, nicolae_vaults_rhombus_5,
          layout_vaults_maze_snakey, uniq_mennas
Vaults:5: serial_shops

Skill      XL: |  1  2  3  4  5  6  7  8  9 10 11 12 13 14 15 16 17 18 |
---------------+-------------------------------------------------------+-----
Axes           | 3 4 5 6 8 10 11 12 14 15 17 18 19 21 | 21.8
Dodging        | 1 2 3 5 |  5.0
Armour         | 4 5 6 7 9 10 11 12 13 14 15 16 | 16.6
Fighting       | 4 5 6 7 8 9 11 12 13 14 15 16 | 16.5
Invocations    | 1 2 3 4 5 6 7 8 9 10 11 12 13 | 13.9
Shields        | 5 6 8 9 10 12 13 14 15 | 15.7
Evocations     | 2 3 5 |  5.0

Action                   |  1- 3 |  4- 6 |  7- 9 | 10-12 | 13-15 | 16-18 || total
-------------------------+-------+-------+-------+-------+-------+-------++-------
Melee: War axe           |    93 |   150 |       |       |   766 |  1353 ||  2362
       Headbutt          |     8 |    29 |    57 |   187 |   293 |   347 ||   921
       Hand axe          |       |    20 |   279 |   770 |   423 |       ||  1492
       Unarmed           |       |       |     2 |       |       |       ||     2
       Broad axe         |       |       |       |       |       |    76 ||    76
Invok: Lesser Servant of |       |       |       |     2 |       |     4 ||     6
       Greater Servant o |       |       |       |       |     1 |       ||     1
 Abil: Evoke Invisibilit |       |       |       |     1 |       |       ||     1
Evoke: Wand              |       |       |     9 |     1 |       |    15 ||    25
  Use: Scroll            |       |       |       |    25 |     7 |     9 ||    41
       Potion            |       |       |       |     1 |     2 |    17 ||    20
 Stab: Invisible         |       |       |       |     7 |     7 |       ||    14
       Distracted        |       |       |       |       |     1 |     1 ||     2
       Petrified         |       |       |       |       |       |     9 ||     9
       Petrifying        |       |       |       |       |       |     1 ||     1
  Eat: Chunk             |     1 |     7 |     8 |    23 |    14 |    12 ||    65
       Ration            |       |       |     2 |     1 |     3 |     2 ||     8
Armor: Scale mail        |    57 |     2 |       |       |       |       ||    59
       Plate armour      |       |    93 |       |   165 |   543 |   710 ||  1511
       Chain mail        |       |    12 |   122 |   110 |       |       ||   244
       Skin              |       |       |     1 |       |       |       ||     1
Dodge: Dodged            |    33 |    38 |    65 |   141 |   202 |   281 ||   760
Block: Shield            |    58 |    98 |   113 |   211 |       |       ||   480
       Large shield      |       |       |       |   173 |  1129 |  1323 ||  2625
